AoeStats
← Green Assassin

Lombardia

509151464Analyzed
4v4 RM · 5d ago on Sep 25, 2026· 25m 20s· 8 players
Game mode
Random Map
Map size
Large (8 player)
Population
200
Speed
Normal
Resources
Standard
Victory
Conquest
Starting age
Dark Age
Ending age
Imperial Age
RankedLock teamsTeams togetherTeam positionsShared explorationLock speedFull tech treeHidden civsTurbo modeCheats
Victory
Defeat
🇨🇱 Khitans · Chile
1242
+15
🇭🇰 Lithuanians · Hong Kong SAR China
1228
+16
🇨🇳 Mapuche · China
1219
+16
🇩🇪 Armenians · Germany
1206
+17
🇨🇳 Varangians · China
1282
-17
🇮🇳 Cumans · India
1217
-16
🇮🇳 Mongols · India
1198
-15
624932690
10:39 Feudal Age
14:16 Castle Age
12:36 Double-Bit Axe
12:35 Horse Collar
13:42 Loom
15:17 Bow Saw
16:15 Heavy Plow
16:43 Town Watch
21:56 Wheelbarrow
23:16 Gold Mining
24:06 Hand Cart
25:33 Fletching
Green Assassin
0:29 Loom
11:51 Feudal Age
16:07 Horse Collar
18:34 Double-Bit Axe
18:51 Pikeman
21:21 Arson
22:26 Man-at-Arms
24:56 Wheelbarrow
26:58 Castle Age
25:23 Scale Mail Armor
25:11 Long Swordsman
Loco Saiti
6:12 Loom
9:08 Feudal Age
10:06 Double-Bit Axe
10:34 Domestication
13:50 Forging
14:56 Scale Barding Armor
21:48 Castle Age
20:59 Wheelbarrow
20:35 Gold Mining
23:08 Iron Casting
21:55 Light Cavalry
23:53 Chain Barding Armor
WanGGG
10:50 Feudal Age
12:28 Loom
14:57 Castle Age
13:40 Double-Bit Axe
14:03 Horse Collar
16:09 Bow Saw
16:52 Heavy Plow
24:23 Wheelbarrow
Alex
9:25 Loom
11:10 Feudal Age
12:33 Double-Bit Axe
12:32 Horse Collar
24:17 Castle Age
23:17 Wheelbarrow
23:03 Scale Barding Armor
23:56 Bloodlines
_GeeK_
9:15 Feudal Age
7:31 Loom
10:00 Double-Bit Axe
10:50 Horse Collar
13:50 Wheelbarrow
18:14 Gold Mining
20:43 Castle Age
21:58 Bow Saw
22:42 Heavy Plow
24:03 Scale Barding Armor
24:10 Forging
24:13 Bloodlines
25:15 Stone Mining
16岁少女在公交车上被11个大汉轮流让座
10:56 Feudal Age
9:14 Loom
10:59 Feudal Age
9:18 Loom
12:16 Double-Bit Axe
15:01 Castle Age
13:13 Horse Collar
20:25 Bow Saw
21:20 Heavy Plow
22:16 Stone Mining
22:58 Pikeman
2987052186
11:28 Feudal Age
12:06 Loom
15:50 Double-Bit Axe
22:52 Castle Age
21:51 Horse Collar
Connection lost

Rejoining the realm…

Still unreachable

The connection could not be restored.

Session expired

The server has moved on; the page needs a fresh start.